 Dungeon Crawl Stone Soup version 0.32-a0-815-g315f82d515 (webtiles) character file.

Game seed: 14507597008413153882

3222 Ajdolov the Basher (level 9, -1/74 HPs)
             Began as an Armataur Fighter on Mar 23, 2024.
             Slain by Amaemon
             ... wielding a -1 demon whip of venom
              (6 damage)
             ... on level 7 of the Dungeon.
             The game lasted 00:12:57 (7707 turns).

Ajdolov the Basher (Armataur Fighter)               Turns: 7707, Time: 00:12:58

Health: -1/74      AC: 14    Str: 26    XL:     9   Next: 66%
Magic:  9/9        EV:  3    Int:  8    God:
Gold:   428        SH:  0    Dex: 10    Spells: 8/8 levels left

rFire   . . .        y - +0 morningstar
rCold   . . .        (no shield)
rNeg    . . .        D - +0 chain mail
rPois   .            (no helmet)
rElec   .            (no cloak)
rCorr   .            a - +0 pair of gloves
SInv    .            b - +0 barding
Will    +....        (no amulet) Stlth
                     k - ring of willpower
HPRegen 0.32/turn    (no ring)
MPRegen 0.11/turn

%: roll
@: lethally poisoned (-1 -> -14), about to teleport, slowed, very slow
A: large, deformed body, tough skin 3, armoured tail, rollpage 2
a: no special abilities


You were on level 7 of the Dungeon.
You visited 2 branches of the dungeon, and saw 9 of its levels.
You also visited: Sewer.

You collected 428 gold pieces.

Inventory:

Hand Weapons
 y - a +0 morningstar (weapon)
Missiles
 u - 3 boomerangs (quivered)
Armour
 a - a +0 pair of gloves (worn)
 b - a +0 barding (worn)
 c - a +0 buckler
 D - a +0 chain mail (worn)
Jewellery
 k - a ring of willpower (left hand)
Wands
 q - a wand of flame (22)
 v - a wand of iceblast (4)
Scrolls
 e - a scroll of vulnerability {unknown}
 f - 3 scrolls of poison
 g - 2 scrolls of amnesia {unknown}
 i - 3 scrolls of torment
 m - 4 scrolls of teleportation
 o - a scroll of blinking {unknown}
 p - 2 scrolls of enchant armour
 s - a scroll of revelation {unknown}
 A - a scroll of fog {unknown}
 C - a scroll of enchant weapon
Potions
 d - a potion of resistance {unknown}
 j - a potion of heal wounds
 l - a potion of enlightenment {unknown}
 n - 3 potions of brilliance {unknown}
 r - 3 potions of degeneration {unknown}
 t - 2 potions of lignification {unknown}
 w - 3 potions of mutation {unknown}
 x - 2 potions of haste {unknown}
 z - a potion of experience {unknown}
 E - a potion of attraction {unknown}


   Skills:
 - Level 5.0 Fighting
 + Level 11.0 Maces & Flails
 - Level 3.6 Armour
 - Level 3.2 Shields
 - Level 5.0 Evocations


You had 8 spell levels left.
You didn't know any spells.
Your spell library contained the following spells:

 Spells                   Type           Power      Damage    Failure   Level
 Summon Small Mammal      Summ           0%         N/A       91%         1
 Blink                    Tloc           0%         N/A       97%         2
 Lesser Beckoning         Tloc           0%         N/A       97%         2
 Momentum Strike          Conj/Tloc      0%         3d8       97%         2
 Sublimation of Blood     Necr           0%         N/A       97%         2
 Call Canine Familiar     Summ           0%         N/A       100%        3
 Dazzling Flash           Conj/Hex       0%         N/A       100%        3
 Mephitic Cloud           Conj/Alch/Air  0%         N/A       100%        3
 Tukima's Dance           Hex            0%         N/A       100%        3
 Anguish                  Hex/Necr       0%         N/A       100%        4
 Cause Fear               Hex            0%         N/A       100%        4
 Dimensional Bullseye     Hex/Tloc       0%         N/A       100%        4
 Iskenderun's Mystic Bla  Conj/Tloc      0%         2d3       100%        4
 Petrify                  Alch/Erth      0%         N/A       100%        4
 Summon Blazeheart Golem  Fire/Summ      0%         N/A       100%        4
 Curse of Agony           Necr           0%         N/A       100%        5
 Irradiate                Conj/Alch      0%         3d11      100%        5
 Silence                  Hex/Air        0%         N/A       100%        5
 Enfeeble                 Hex            0%         N/A       100%        7


Dungeon Overview and Level Annotations

Branches:
Dungeon (8/15)             Temple (1/1) D:4           Sewer (visited)
   Lair: D:8-11

Altars:
Dithmenos
Elyvilon
Fedhas
Gozag
Hepliaklqana
Kikubaaqudgha
Makhleb
Nemelex Xobeh
Qazlal
Ru
Vehumet
Wu Jian
Xom

Shops:
D:1 [   D:4 =

Annotations:
D:3 1 runed translucent door, Crazy Yiuf
D:4 2 transporters, dittoslash's ghost, amateur MDMo
D:7 Amaemon


Innate Abilities, Weirdness & Mutations

Armour fits poorly on your strangely shaped body.
You have extremely tough skin. (AC +3)
You have a long armoured tail.
You regenerate magic and health when rolling toward enemies. (Rampage Regen)


Message History

Amaemon is heavily wounded.
You feel sick.
Amaemon gestures at the scorpion while chanting.
The scorpion's venom grows more potent.
The scorpion stings you.
* * * LOW HITPOINT WARNING * * *
The scorpion stings you but does no damage.
You feel sick. The scorpion stings you.
* * * LOW HITPOINT WARNING * * *
You are lethally poisoned!
You have difficulty breathing.
* * * LOW HITPOINT WARNING * * *
You feel yourself slow down.
You see here a +0 short sword.
Unknown command.
You feel better.
The scorpion stings you but does no damage.
The scorpion stings you.
* * * LOW HITPOINT WARNING * * *
You are lethally poisoned!
The scorpion poisons you!
The scorpion stings you but does no damage.
You feel better.
The scorpion stings you but does no damage.
The scorpion stings you.
* * * LOW HITPOINT WARNING * * *
The scorpion barely misses you.
The scorpion stings you but does no damage.
The scorpion stings you.
* * * LOW HITPOINT WARNING * * *
You are poisoned.
The scorpion poisons you!
As you read the scroll of teleportation, it crumbles to dust.
You feel strangely unstable.
You feel very sick.
The scorpion stings you but does no damage.
Amaemon hits you with a -1 demon whip of venom.
* * * LOW HITPOINT WARNING * * *
You are lethally poisoned!
Amaemon claws you.
You die...

######### #...(...# #.<.....#
#.)...[)# ##### #.....ss# #...#
## #####.....s@# #...# ###.
###.........6.#######...# #...
####...###.................###.#.
#....### ##........#####.......##
#....# #..........## ##.....###
.....#####...........# ##.##..##
.....#...............# #.###..#
.........##..........# #.# ##..
≈≈.≈≈≈≈≈.##..........# #[# ##..


You could see Amaemon and 3 scorpions.

Vanquished Creatures
  A cyclops (D:8)
  A hornet (D:7)
  A steam dragon (D:6)
  A water moccasin (D:6)
  2 sky beasts
  2 black bears
  An orc warrior (D:7)
  2 ogres (D:6)
  2 phantoms (D:5)
  3 kobold brigands (Sewer)
  A gnoll sergeant (D:7)
  2 scorpions
  2 wights (D:7)
  A jelly (D:5)
  5 killer bees
  3 howler monkeys (D:6)
  A crimson imp (D:6)
  A quasit (D:5)
  4 iguanas
  4 orc priests
  3 hounds
  2 sleepcaps
  2 orc wizards
  3 gnolls (D:7)
  11 adders
  4 shadow imps
  3 white imps
  2 ufetubi (D:6)
  3 ribbon worms
  A dart slug (D:1)
  22 orcs
  7 ball pythons
  6 endoplasms
  2 giant cockroaches
  5 goblins
  5 hobgoblins
  7 quokkas
  7 bats
  3 frilled lizards
  14 kobolds
  9 rats
161 creatures vanquished.

Notes
Turn   | Place    | Note
-------+----------+-------------------------------------------
     0 | D:1      | Ajdolov the Armataur Fighter began the quest for the Orb.
     0 | D:1      | Reached XP level 1. HP: 18/18 MP: 1/1
   126 | D:1      | Reached XP level 2. HP: 19/26 MP: 2/2
   442 | D:1      | Found Bitrus's Armour Shoppe.
   767 | D:2      | Reached XP level 3. HP: 22/33 MP: 3/3
  1696 | D:3      | Reached XP level 4. HP: 41/41 MP: 4/4
  1917 | D:3      | Found a faded altar of an unknown god.
  2137 | D:3      | Reached skill level 5 in Fighting
  2263 | D:3      | Reached skill level 2 in Maces & Flails
  2329 | D:3      | Found a runed translucent door.
  2330 | D:3      | Noticed Crazy Yiuf
  2372 | D:4      | Found a staircase to the Ecumenical Temple.
  2396 | Temple   | Entered the Ecumenical Temple
  2448 | D:4      | Reached XP level 5. HP: 48/48 MP: 5/5
  2455 | D:4      | Found a transporter.
  2610 | D:4      | Reached skill level 3 in Maces & Flails
  2652 | D:4      | Found a transporter.
  2652 | D:4      | Noticed an ogre
  2652 | D:4      | Noticed dittoslash's ghost (amateur MDMo)
  2654 | D:4      | Identified the +10 great mace of Jiaqax {speed, rPois
                  | Int+4}
  2654 | D:4      | Noticed an ogre
  2732 | D:4      | Found a glowing drain.
  2737 | Sewer    | Entered a sewer
  2905 | Sewer    | Reached skill level 4 in Maces & Flails
  2905 | Sewer    | Reached XP level 6. HP: 40/56 MP: 6/6
  3224 | Sewer    | Identified the +8 dagger of the Nexus {pain, Int+2}
  3280 | D:4      | Reached skill level 5 in Maces & Flails
  3324 | D:4      | Found Qiall's Jewellery Shop.
  3645 | D:5      | Entered Level 5 of the Dungeon
  3699 | D:5      | Gained mutation: You regenerate magic and health when
                  | rolling toward enemies. (Rampage Regen) [Armataur growth]
  3699 | D:5      | Reached XP level 7. HP: 40/61 MP: 7/7
  3708 | D:5      | Reached skill level 6 in Maces & Flails
  4538 | D:5      | Reached skill level 7 in Maces & Flails
  4817 | D:6      | Found a hazy altar of Hepliaklqana.
  4817 | D:6      | Noticed a steam dragon
  4830 | D:6      | Killed a steam dragon
  4831 | D:6      | Reached XP level 8. HP: 56/68 MP: 8/8
  4877 | D:6      | Found a shadowy altar of Dithmenos.
  4935 | D:6      | Reached skill level 8 in Maces & Flails
  5274 | D:6      | Found a radiant altar of Vehumet.
  5275 | D:6      | Found a burning altar of Makhleb.
  5483 | D:6      | Reached skill level 9 in Maces & Flails
  5687 | D:7      | Noticed a hornet
  6049 | D:7      | Killed a hornet
  6050 | D:7      | Reached skill level 10 in Maces & Flails
  6050 | D:7      | Reached skill level 1 in Evocations
  6236 | D:6      | Reached XP level 9. HP: 74/74 MP: 9/9
  6585 | D:7      | Found a white marble altar of Elyvilon.
  7023 | D:7      | Reached skill level 5 in Evocations
  7304 | D:7      | Found a sparkling altar of Nemelex Xobeh.
  7633 | D:8      | Noticed a cyclops
  7653 | D:8      | Killed a cyclops
  7654 | D:8      | Reached skill level 11 in Maces & Flails
  7664 | D:8      | Identified the ring of Bodocups {rC+ Str+8 Dex-4 Slay-6
                  | SInv}
  7676 | D:8      | Noticed Amaemon
  7688 | D:8      | Noticed an orange demon
  7704 | D:7      | HP: 1/74 [asphyx]
  7707 | D:7      | Slain by Amaemon

Illustrated notes

Levels and vault maps discovered:
D:1:      ldierk_walled_garden_2, layout_loops_ring, serial_shops, shop
D:2:      layout_basic, minmay_pentomino_r4
D:3:      layout_rooms, shapermc_ecumenical_altar_mp_vishouse,
          uniq_crazy_yiuf_cottage
D:4:      layout_rooms, temple_pool_b, portal_sewer_entry_e, serial_shops,
          nicolae_shop_trees, gammafunk_ghost_smash, minmay_distorted
D:5:      layout_basic, serial_demonic, serial_demonic_b, serial_demonic_f,
          serial_demonic_d, serial_demonic_a, minivault_23
D:6:      layout_rooms, grunt_temple_overflow_lords_of_destruction,
          riverfiend_overflow_shadow_ancestor, grunt_ministairs_11, minivault_11
D:7:      layout_rooms, mainiacjoe_overflow_catwalk_spiral
D:8:      layout_loops_cross, slow_altar_2, minmay_radiant, uniq_amaemon
Temple:   hellmonk_temple_of_storms

Skill      XL: |  1  2  3  4  5  6  7  8  9 |
---------------+----------------------------+-----
Fighting       | 3 4 5 |  5.0
Maces & Flails | 2 4 5 7 10 11 | 11.0
Evocations     | 1 5 |  5.0
Armour         | |  3.6
Shields        | |  3.2

Action                     |  1- 3 |  4- 6 |  7- 9 || total
---------------------------+-------+-------+-------++-------
  Melee: Flail             |   117 |   188 |   296 ||   601
         Tailslap          |     6 |    16 |    47 ||    69
         Morningstar       |       |       |    34 ||    34
  Throw: Dart              |       |       |     1 ||     1
         Throwing net      |       |       |     3 ||     3
  Evoke: Wand              |       |       |     5 ||     5
    Use: Potion            |       |     2 |     6 ||     8
         Scroll            |       |       |    11 ||    11
   Stab: Held in net/web   |       |       |     2 ||     2
 Armour: Scale mail        |   103 |   223 |    39 ||   365
         Chain mail        |       |       |   393 ||   393
  Dodge: Dodged            |    36 |    88 |    78 ||   202
  Block: Buckler           |    32 |    51 |    13 ||    96

Table legend: (Time is in decaauts)
 A = Elapsed time spent in this place.
 B = Non-inter-level travel time spent in this place.
 C = Inter-level travel time spent in this place.
 D = Time resting spent in this place.
 E = Time spent auto-exploring this place.
 F = Levels seen in this place.
 G = Mean time per level.
                   A        B        C        D        E       F      G
               +--------+--------+--------+--------+--------+-----+--------+
         Total |   7800 |   7440 |    360 |   1091 |   4674 |  10 |  780.0 |
       Dungeon |   7284 |   6924 |    360 |   1091 |   4294 |   8 |  910.5 |
        Temple |      1 |      1 |      0 |      0 |      0 |   1 |    1.0 |
         Sewer |    513 |    513 |      0 |      0 |    380 |   1 |  513.0 |
               +--------+--------+--------+--------+--------+-----+--------+

Top non-repeatable levels by time:
     D:6: 1996 daAuts
     D:7: 1006 daAuts
     D:5: 977 daAuts
     D:2: 959 daAuts
     D:4: 790 daAuts
     D:1: 768 daAuts
     D:3: 698 daAuts
   Sewer: 513 daAuts
     D:8: 88 daAuts
  Temple: 1 daAuts
